Map: Cosmic Sapphire

Players

Wanderer - Winner!

  • Race: Zerg Zerg
  • League: Diamond
  • Spawn Location: 11:00

Ordin

  • Race: Zerg Zerg
  • League: Master
  • Spawn Location: 5:00

VOD

Have the link to the VOD?

Description

Pre Patch-ish Replay for Neuro

Time

  • Played on: Dec. 24, 2022, 3:47 p.m.
  • Length: 9:59
Show
View Real Time Build Order
Export as new Build Order

Wanderer Zerg - Winner!

Build Orders: Pool First 

Get SALT Encoding   

  12  0:00  Drone  
  13  0:13  Overlord  
  13  0:17  Drone  
  14  0:31  Drone  
  14  0:32  Drone  
  16  0:42  Spawning Pool  
  15  0:43  Extractor  
  14  0:52  Drone x2  
  16  0:57  Drone  
  17  1:20  Hatchery  
  16  1:31  Zergling x6  
  19  1:40  Baneling Nest  
  18  1:52  Overlord  
  18  2:01  Queen  
  20  2:19  Drone x3  
  23  2:24  Baneling x5  
  23  2:26  Baneling  
  23  2:34  Zergling x2  
  24  2:37  Zergling x2  
  24  2:44  Drone x2  
  25  2:56  Metabolic Boost  
  25  3:12  Queen  
  25  3:14  Zergling x2  
  25  3:15  Drone x2  
  25  3:16  Drone x2  
  32  3:24  Queen  
  34  3:28  Drone  
  35  3:45  Drone  
  36  3:51  Overlord  
  36  3:57  Hatchery  
  36  4:00  Evolution Chamber  
  34  4:05  Evolution Chamber  
  34  4:07  Drone x3  
  36  4:14  Drone x3  
  39  4:24  Drone x3  
  42  4:35  Zerg Melee Weapons Level 1  
  42  4:36  Zerg Ground Armor Level 1  
  42  4:48  Zergling x2  
  42  4:49  Zergling x2  
  43  5:00  Baneling x2  
  43  5:11  Zergling x2  
  43  5:12  Zergling x8  
  48  5:15  Zergling x2  
  48  5:16  Zergling x2  
  48  5:41  Zergling x2  
  49  5:47  Overlord x2  
  49  5:55  Overlord x3  
  49  5:56  Overlord x2  
  49  6:09  Hatchery  
  48  6:12  Spine Crawler  
  48  6:13  Spine Crawler  
  48  6:17  Spine Crawler x2, Zergling x2  
  48  6:18  Zergling x14  
  52  6:25  Spine Crawler  
  51  6:27  Spine Crawler, Zergling x2  
  51  6:28  Spine Crawler, Zergling x4  
  51  6:32  Zergling x4  
  54  6:38  Zergling x2  
  55  6:43  Zergling x4  
  56  6:48  Zergling x8  
  56  6:53  Zergling x8  
  64  7:00  Zergling x2  
  65  7:07  Overlord x2  
  56  7:33  Baneling  
  56  7:34  Baneling x2, Zergling x2  
  56  7:35  Zergling x20  
  65  7:42  Zergling x2  
  63  7:47  Zergling x6  
  63  7:58  Zergling x2  
  63  7:59  Zergling x8  
  66  8:26  Zergling x22  
  77  8:28  Zergling x2  
  74  8:43  Zergling x10  
  74  8:48  Zergling x4  
  71  8:58  Zergling x4  
  71  9:00  Zergling x2  
  56  9:26  Zergling x10  
  57  9:40  Zergling x2  
  57  9:41  Zergling x2  
Show
View Real Time Build Order
Export as new Build Order

Ordin Zerg 

Build Orders: Hatch First, Roach Nydus 

Get SALT Encoding   

  12  0:00  Drone  
  13  0:12  Overlord  
  13  0:16  Drone  
  14  0:30  Drone x2  
  16  0:51  Drone, Hatchery  
  16  0:55  Drone  
  17  1:10  Spawning Pool  
  16  1:12  Extractor  
  16  1:15  Drone  
  16  1:19  Drone  
  16  1:22  Drone  
  18  1:29  Drone  
  19  1:54  Overlord  
  19  2:01  Zergling x4  
  21  2:02  Queen x2  
  21  2:04  Zergling x2  
  26  2:12  Zergling x2  
  26  2:14  Zergling x2  
  28  2:27  Drone x2  
  27  2:49  Queen  
  27  2:50  Drone x2  
  29  2:53  Roach Warren  
  29  2:55  Drone x3  
  31  3:00  Drone  
  31  3:02  Evolution Chamber  
  31  3:07  Drone  
  31  3:11  Drone  
  33  3:13  Evolution Chamber  
  33  3:14  Drone  
  33  3:16  Drone  
  34  3:21  Drone x2  
  36  3:31  Overlord  
  36  3:33  Extractor  
  36  3:34  Lair  
  36  3:41  Overlord  
  36  3:52  Drone x3  
  39  3:57  Extractor  
  38  4:07  Drone x3  
  41  4:10  Roach  
  41  4:11  Roach x4  
  41  4:15  Overlord  
  51  4:23  Overlord  
  51  4:32  Glial Reconstitution  
  51  4:33  Nydus Network  
  51  4:35  Roach x2  
  51  4:36  Roach  
  56  4:41  Overlord  
  56  4:42  Roach  
  56  4:43  Roach  
  60  4:46  Roach  
  62  5:04  Roach x5  
  72  5:10  Nydus Canal  
  72  5:15  Roach, Evolution Chamber  
  73  5:28  Nydus Canal  
  73  5:29  Drone x3  
  77  5:36  Overlord  
  77  5:41  Overlord  
  77  5:48  Nydus Canal  
  77  5:50  Overlord  
  77  5:54  Queen  
  77  5:55  Hatchery  
  78  6:00  Drone  
  78  6:01  Drone x3  
  82  6:07  Hydralisk Den  
  82  6:09  Drone  
  82  6:14  Roach  
  84  6:19  Extractor  
  83  6:25  Drone  
  83  6:26  Drone x2  
  83  6:27  Overlord  
  86  6:34  Drone x2  
  86  6:35  Drone  
  86  6:38  Roach x2  
  93  6:46  Grooved Spines  
  93  6:49  Ravager x2  
  93  6:52  Overlord  
  93  6:53  Drone x2  
  97  6:55  Extractor  
  97  6:58  Drone  
  97  7:02  Ravager  
  97  7:03  Ravager  
  99  7:09  Hydralisk  
  99  7:10  Hydralisk  
  99  7:14  Drone x3  
  106  7:21  Roach  
  106  7:22  Roach x3  
  112  7:27  Queen x3  
  103  7:30  Drone x4  
  106  7:42  Drone x4  
  108  7:48  Drone x3  
  110  7:53  Nydus Canal  
  110  8:00  Drone  
  110  8:01  Drone, Hydralisk x3  
  113  8:22  Roach x2  
  98  8:28  Roach x5  
  76  8:41  Nydus Canal  
  53  8:51  Drone x3  
  42  9:11  Extractor  
  40  9:20  Drone x2  
  42  9:27  Unknown  
Tags
 
Add a new tag
Caveats
  • Supply blocks, unpowered buildings, or Contaminate may cause inaccurate times.
  • Supply counts are checked every 10 seconds.